Map: Deathaura LE

Players

soul - Winner!

  • Race: Terran Terran
  • League: Grandmaster
  • Spawn Location: 5:00

Couguar

  • Race: Protoss Protoss
  • League: Grandmaster
  • Spawn Location: 11:00

Event: DreamHack SC2 Masters 2020 Fall

VOD

Have the link to the VOD?

Description

Time

  • Played on: Sept. 6, 2020, 12:54 p.m.
  • Length: 8:59

All games in this series

Show
View Real Time Build Order
Export as new Build Order

soul Terran - Winner!

Build Orders:  

Get SALT Encoding   

  12  0:00  SCV  
  13  0:12  SCV  
  14  0:17  Supply Depot  
  14  0:25  SCV  
  15  0:39  SCV  
  15  0:40  Barracks  
  16  0:44  Refinery  
  16  0:51  SCV  
  17  1:03  SCV  
  18  1:15  SCV  
  19  1:26  Marine  
  19  1:27  Orbital Command  
  20  1:48  Command Center  
  20  1:53  SCV  
  21  1:57  Factory  
  21  2:04  Barracks Reactor  
  21  2:05  SCV  
  22  2:10  Supply Depot  
  22  2:17  SCV  
  22  2:21  Refinery  
  23  2:31  SCV  
  23  2:44  SCV  
  24  2:47  Hellion  
  24  2:48  Hellion, Reaper  
  29  2:56  SCV  
  30  3:01  Orbital Command  
  30  3:03  Starport  
  30  3:09  Hellion  
  30  3:11  Hellion  
  34  3:13  SCV  
  35  3:21  Barracks Tech Lab  
  35  3:26  SCV  
  36  3:28  SCV  
  36  3:30  Supply Depot  
  37  3:38  SCV  
  37  3:40  SCV  
  39  3:48  Marine x2  
  41  3:49  Factory Tech Lab, Supply Depot  
  41  3:50  SCV  
  41  3:54  Banshee  
  45  3:57  SCV  
  45  4:02  SCV  
  46  4:07  Marine  
  46  4:09  SCV  
  48  4:14  SCV  
  48  4:16  Cyclone  
  48  4:17  Marine  
  48  4:21  SCV  
  46  4:26  SCV  
  46  4:27  Bunker  
  47  4:34  Command Center  
  47  4:35  SCV  
  47  4:37  Viking  
  50  4:38  SCV  
  50  4:45  Marine x2  
  52  4:47  SCV  
  52  4:48  Cyclone  
  52  4:50  SCV  
  57  4:55  Supply Depot  
  57  4:57  Supply Depot  
  57  4:59  SCV  
  58  5:03  Marine  
  58  5:04  Marine  
  58  5:05  SCV  
  61  5:11  SCV  
  62  5:17  Barracks x2, SCV, Supply Depot  
  62  5:18  Supply Depot  
  63  5:21  Siege Tank  
  63  5:23  Marine  
  63  5:26  Viking  
  63  5:28  SCV  
  70  5:33  Refinery  
  70  5:35  SCV, Refinery  
  69  5:40  SCV  
  71  5:44  Marine  
  71  5:47  Engineering Bay, SCV  
  71  5:49  Engineering Bay  
  70  5:52  SCV  
  70  5:54  Orbital Command  
  71  6:01  Marine  
  71  6:02  SCV  
  71  6:04  SCV  
  71  6:11  Stimpack, Marauder  
  72  6:13  Starport Reactor  
  72  6:14  SCV  
  72  6:16  Barracks, SCV  
  72  6:18  Barracks, Terran Infantry Weapons Level 1  
  76  6:20  Terran Infantry Armor Level 1, Factory Reactor  
  76  6:21  Orbital Command  
  76  6:23  Combat Shield  
  76  6:29  SCV  
  76  6:30  Marauder, Marine  
  76  6:31  SCV, Marine  
  82  6:41  SCV  
  82  6:42  Marauder  
  82  6:43  SCV  
  87  6:48  Bunker, Marine  
  87  6:51  Medivac, Bunker  
  87  6:52  Marauder  
  87  6:53  Medivac  
  94  6:56  SCV  
  94  6:59  SCV, Supply Depot x2  
  94  7:01  SCV  
  94  7:07  Barracks Tech Lab, Barracks Reactor  
  94  7:08  SCV  
  96  7:11  SCV  
  96  7:13  SCV  
  96  7:14  Marine  
  96  7:15  Marauder  
  101  7:20  SCV  
  102  7:23  Medivac x2, SCV  
  102  7:24  Widow Mine x2, Refinery x2  
  102  7:25  SCV  
  102  7:26  Marauder  
  102  7:27  Marauder  
  115  7:36  Marauder  
  117  7:39  Supply Depot  
  117  7:40  Supply Depot  
  117  7:41  Marine  
  117  7:42  Armory  
  117  7:43  Marine  
  119  7:48  Marauder  
  119  7:49  Marauder, Marine  
  119  7:51  Marine, Concussive Shells  
  125  8:00  Marine  
  125  8:01  Widow Mine x2, Marauder, Marine  
  133  8:07  Marine  
  133  8:08  Supply Depot x2  
  133  8:09  Marauder, Marine  
  133  8:11  Marauder  
  133  8:12  Medivac  
  141  8:20  Ghost Academy  
  141  8:29  Marine x4  
  141  8:30  Marauder  
  141  8:31  Marauder  
  141  8:32  Marauder, Supply Depot  
  141  8:33  Supply Depot  
Show
View Real Time Build Order
Export as new Build Order

Couguar Protoss 

Build Orders: 1 Gate Expand, Phoenix Opening, Colossus Rush 

Get SALT Encoding   

  12  0:00  Probe  
  13  0:12  Probe  
  14  0:18  Pylon  
  14  0:24  Probe (Chrono Boost)  
  15  0:37  Gateway, Probe (Chrono Boost)  
  16  0:45  Probe (Chrono Boost)  
  16  0:47  Assimilator  
  17  0:51  Probe  
  18  1:03  Probe (Chrono Boost)  
  19  1:13  Probe (Chrono Boost)  
  20  1:24  Nexus  
  20  1:33  Cybernetics Core  
  20  1:36  Probe  
  21  1:40  Assimilator  
  21  1:47  Pylon  
  21  1:50  Probe  
  22  2:02  Probe  
  22  2:06  Stalker (Chrono Boost)  
  25  2:16  Probe  
  25  2:17  Pylon  
  26  2:25  Stargate  
  26  2:28  Probe  
  27  2:35  Stalker  
  29  2:38  Warp Gate  
  29  2:41  Probe  
  31  2:44  Probe (Chrono Boost)  
  31  2:53  Probe (Chrono Boost)  
  32  3:00  Shield Battery  
  32  3:03  Probe (Chrono Boost)  
  32  3:04  Probe (Chrono Boost)  
  34  3:06  Adept  
  34  3:08  Probe (Chrono Boost)  
  34  3:12  Probe  
  38  3:16  Phoenix  
  40  3:23  Gateway  
  40  3:26  Probe  
  41  3:28  Probe  
  42  3:38  Probe  
  42  3:40  Probe (Chrono Boost)  
  42  3:41  Phoenix  
  46  3:44  Robotics Facility  
  46  3:47  Assimilator  
  46  3:50  Probe (Chrono Boost)  
  48  3:57  Pylon  
  48  4:00  Probe (Chrono Boost)  
  48  4:01  Pylon  
  43  4:14  Probe x2 (Chrono Boost)  
  40  4:17  Phoenix  
  39  4:26  Probe (Chrono Boost)  
  41  4:32  Observer, Probe (Chrono Boost)  
  41  4:35  Probe (Chrono Boost)  
  44  4:39  Probe (Chrono Boost)  
  44  4:42  Phoenix, Probe (Chrono Boost)  
  47  4:50  Probe (Chrono Boost)  
  49  4:57  Probe (Chrono Boost)  
  49  4:58  Probe (Chrono Boost)  
  50  5:00  Robotics Bay  
  50  5:04  Probe x2  
  50  5:07  Pylon  
  52  5:12  Phoenix  
  54  5:16  Probe x2  
  56  5:28  Probe (Chrono Boost)  
  56  5:34  Probe (Chrono Boost)  
  58  5:38  Probe (Chrono Boost)  
  58  5:42  Probe (Chrono Boost)  
  56  5:51  Colossus  
  56  5:53  Probe (Chrono Boost)  
  63  5:58  Probe (Chrono Boost)  
  63  5:59  Probe (Chrono Boost)  
  63  6:10  Probe  
  64  6:13  Probe  
  64  6:16  Pylon  
  64  6:17  Extended Thermal Lance  
  65  6:20  Assimilator  
  65  6:25  Gateway x2  
  65  6:28  Gateway  
  65  6:31  Phoenix  
  65  6:34  Probe  
  65  6:35  Probe  
  65  6:36  Pylon  
  65  6:37  Pylon  
  67  6:43  Gateway  
  68  6:49  Colossus (Chrono Boost)  
  68  6:51  Observer  
  73  7:06  Nexus  
  73  7:07  Observer, Probe  
  72  7:09  Probe  
  73  7:17  Phoenix  
  73  7:19  Probe  
  73  7:21  Probe  
  77  7:24  Sentry x2  
  77  7:25  Sentry  
  83  7:32  Probe  
  83  7:33  Probe  
  84  7:42  Phoenix  
  86  7:44  Probe  
  86  7:47  Pylon  
  86  7:48  Colossus (Chrono Boost)  
  86  7:49  Pylon  
  92  7:51  Pylon  
  92  7:56  Pylon  
  92  7:58  Pylon  
  92  8:04  Twilight Council  
  92  8:07  Phoenix  
  92  8:12  Forge  
  94  8:15  Probe x2  
  96  8:26  Stalker x2  
  96  8:27  Stalker  
  102  8:30  Shield Battery  
  100  8:44  Zealot  
  100  8:45  Zealot  

Tags
 
Add a new tag
Caveats
  • Supply blocks, unpowered buildings, or Contaminate may cause inaccurate times.
  • Supply counts are checked every 10 seconds.